 Dungeon Crawl Stone Soup version 0.21-a0-142-gdd972a7 (webtiles) character file.

427 sscrono2 the Cutter (level 6, -2/39 HPs)
             Began as an Octopode Assassin on July 23, 2017.
             Slain by Grinder (6 damage)
             ... on level 4 of the Dungeon.
             The game lasted 00:06:23 (2751 turns).

sscrono2 the Cutter (Octopode Assassin)             Turns: 2751, Time: 00:06:23

Health: -2/39      AC:  1    Str: 12    XL:     6   Next: 97%
Magic:  6/6        EV: 13    Int: 18    God:
Gold:   127        SH:  0    Dex: 14    Spells: 5/5 levels left

rFire    . . .     SeeInvis .   a - +2 dagger
rCold    . . .     Gourm    .   (no shield)
rNeg     . . .     Faith    .   (helmet restricted)
rPois    .         Spirit   .   (no amulet)
rElec    .         Reflect  .   (no ring)
rCorr    .         Harm     .   (no ring)
MR       .....                  (no ring)
Stlth    ++++......             (no ring)
HPRegen  0.13/turn              (no ring)
MPRegen  0.10/turn              (no ring)
                                (no ring)
                                (no ring)

@: brilliant, flying
A: almost no armour, stealthy swim, amphibious, 8 rings, constrict 8, camouflage
1, gelatinous body 1
a: no special abilities


You were on level 4 of the Dungeon.
You were not hungry.

You visited 1 branch of the dungeon, and saw 4 of its levels.
You also visited: Sewer.

You collected 127 gold pieces.

Inventory:

Hand Weapons
 a - a +2 dagger (weapon)
 b - a +0 blowgun
Missiles
 c - 28 poisoned needles
 d - 2 curare-tipped needles
Jewellery
 g - an uncursed ring of poison resistance {unknown}
 h - an uncursed ring of protection from magic {unknown}
 o - a cursed -5 ring of slaying {unknown}
 r - a cursed -2 ring of strength {unknown}
Wands
 w - a wand of confusion (0/48)
Scrolls
 e - 2 scrolls of enchant armour
 i - a scroll of magic mapping
 m - a scroll of teleportation {unknown}
 s - a scroll of fear {unknown}
 t - a scroll of fog {unknown}
Potions
 l - a potion of flight
 p - a potion of heal wounds {unknown}
 u - a potion of haste {unknown}
 v - a potion of ambrosia {unknown}
Comestibles
 f - 4 bread rations
 j - 4 fruits
 k - 2 meat rations


   Skills:
 - Level 2.0 Fighting
 + Level 7.2 Short Blades
 - Level 2.0 Throwing
 - Level 1.0 Dodging
 - Level 5.3 Stealth


You had 5 spell levels left.
You didn't know any spells.

Dungeon Overview and Level Annotations

Branches:
Dungeon (4/15)
 Temple: D:4-7

Altars:
Elyvilon
Gozag

Annotations:
D:4 Grinder


Innate Abilities, Weirdness & Mutations

You cannot wear most types of armour.
You are very stealthy in the water. (Stealth+)
You are amphibious.
You can wear up to eight rings at the same time.
You can use your tentacles to constrict eight enemies at once.
Your skin changes colour to match your surroundings (Stealth+).
Your rubbery body absorbs attacks. (AC +1, EV +1)


Message History

Press: ? - help, Shift-Dir - straight line, f/p - Grinder
Aim: Grinder (chance to defeat MR: 46%) Nothing appears to happen.
Grinder closely misses you.
Okay, then.
You feel better. Grinder hits you.
You writhe in agony.
* * * LOW HITPOINT WARNING * * *
You feel better. Grinder hits you!
* * * LOW HITPOINT WARNING * * *
You writhe in agony.
* * * LOW HITPOINT WARNING * * *
Okay, then.
It was a potion of flight.
You feel very buoyant.
You fly up into the air.
Grinder barely misses you.
It was a potion of brilliance.
You feel clever all of a sudden. Grinder hits you.
* * * LOW HITPOINT WARNING * * *
You writhe in agony.
You die...

##### # ...# ##.##
#########.##<...##.
>......5@..<.......
#####..##..........
#.$ #....##.#.. #..
#.#..# # ...
#...... ##..
........
...##....#### #..
#....#


You could see Grinder.

Vanquished Creatures
  Purgy (D:3)
  A big kobold (Sewer)
  Crazy Yiuf (D:2)
  An orc wizard (D:3)
  A worker ant (D:4)
  6 adders
  3 gnolls (D:3)
  2 river rats (Sewer)
  3 worms
  3 dart slugs
  A leopard gecko (D:3)
  2 orcs (D:3)
  9 bats
  4 giant cockroaches
  4 goblins
  7 hobgoblins
  11 jackals
  10 kobolds
  A quokka (D:3)
  3 frilled lizards
  11 rats
  A fungus (D:2)
86 creatures vanquished.

Notes
Turn   | Place    | Note
-------+----------+-------------------------------------------
     0 | D:1      | sscrono2 the Octopode Assassin began the quest for the Orb.
     0 | D:1      | Reached XP level 1. HP: 14/14 MP: 1/1
   132 | D:1      | Reached XP level 2. HP: 17/19 MP: 2/2
   279 | D:1      | Reached skill level 3 in Short Blades
   590 | D:2      | Reached XP level 3. HP: 19/24 MP: 3/3
   732 | D:2      | Found a runed door.
   959 | D:2      | Reached skill level 4 in Short Blades
   991 | D:2      | Reached XP level 4. HP: 29/29 MP: 4/4
  1178 | D:2      | You fall through a shaft for 2 floors!
  1214 | D:4      | Found a glowing drain.
  1232 | Sewer    | Entered a sewer
  1329 | Sewer    | Noticed a big kobold
  1380 | Sewer    | Killed a big kobold
  1380 | Sewer    | Reached skill level 5 in Short Blades
  1380 | Sewer    | Reached XP level 5. HP: 14/34 MP: 5/5
  1534 | Sewer    | Found a white marble altar of Elyvilon.
  1711 | D:4      | Reached skill level 6 in Short Blades
  1746 | D:3      | Reached XP level 6. HP: 33/39 MP: 6/6
  1772 | D:3      | Found a white marble altar of Elyvilon.
  1888 | D:2      | Noticed Crazy Yiuf
  1892 | D:2      | Killed Crazy Yiuf
  1941 | D:3      | Found an opulent altar of Gozag.
  2241 | D:3      | Noticed Purgy
  2279 | D:3      | Killed Purgy
  2279 | D:3      | Reached skill level 7 in Short Blades
  2737 | D:4      | Noticed Grinder
  2744 | D:4      | Paralysed by Grinder for 2 turns
  2751 | D:4      | Slain by Grinder

Vault maps used:
D:1:      dpeg_arrival_prison
D:2:      uniq_crazy_yiuf_cottage
D:3:      overflow_temple_1_default, lemuel_round_altar, uniq_purgy
D:4:      marbit_many_paths, nicolae_ru_sacrificial_ziggurat,
          cheibrodos_sewer_entry_bend, first_bread, uniq_grinder
Sewer:    sewer_kobolds

Skill      XL: |  1  2  3  4  5  6 |
---------------+-------------------+-----
Short Blades   | 3 4 5 6 7 |  7.2
Fighting       | |  2.0
Throwing       | |  2.0
Dodging        | |  1.0
Stealth        | |  5.3

Action                   |  1- 3 |  4- 6 || total
-------------------------+-------+-------++-------
Melee: Dagger            |    63 |   124 ||   187
       Constrict         |     9 |    24 ||    33
       Tentacles         |     4 |    25 ||    29
 Fire: Blowgun           |       |    23 ||    23
Evoke: Wand              |       |     5 ||     5
  Use: Scroll            |       |     2 ||     2
       Potion            |       |     5 ||     5
 Stab: Sleeping          |    14 |    14 ||    28
       Confused          |       |     2 ||     2
  Eat: Chunk             |       |     6 ||     6
Armor: Skin              |     7 |     7 ||    14
Dodge: Dodged            |    22 |    84 ||   106
